 Dungeon Crawl Stone Soup version 0.31-a0-188-g5e087ee2ca (webtiles) character file.

Game seed: 6425106721458420552

99 qw the Shooter (level 4, 0/25 HPs)
             Began as a Deep Elf Hunter on June 23, 2023.
             Slain by Grinder (2 damage)
             ... on level 3 of the Dungeon.
             The game lasted 00:00:45 (1567 turns).

qw the Shooter (Deep Elf Hunter)                    Turns: 1567, Time: 00:00:45

Health: 0/25       AC:  3    Str: 10    XL:     4   Next: 45%
Magic:  6/6        EV: 12    Int: 14    God:
Gold:   80         SH:  0    Dex: 18    Spells: 3/3 levels left

rFire   . . .        Y - +1 shortbow
rCold   . . .        (shield currently unavailable)
rNeg    . . .        c - +0 leather armour
rPois   .            (no helmet)
rElec   .            (no cloak)
rCorr   +            (no gloves)
SInv    .            (no boots)
Will    .....        (no amulet)
Stlth   ++           f - ring of resist corrosion
HPRegen 0.24/turn    (no ring)
MPRegen 0.10/turn

%: no passive effects
@: about to teleport
A: no striking features
a: no special abilities


You were on level 3 of the Dungeon.
You visited 1 branch of the dungeon, and saw 3 of its levels.

You collected 80 gold pieces.


   Skills:
 - Level 1.5 Fighting
 + Level 7.9 Ranged Weapons
 - Level 2.4 Dodging
 - Level 1.2 Stealth


You had 3 spell levels left.
You didn't know any spells.
Your spell library was empty.

Inventory:

Hand Weapons
 Y - a +1 shortbow (weapon)
Armour
 c - a +0 leather armour (worn)
Jewellery
 f - a ring of resist corrosion (left hand)
Scrolls
 e - a scroll of teleportation
 g - a scroll of fear {unknown}
Potions
 a - a potion of invisibility {unknown}
 b - a potion of curing
 d - a potion of heal wounds {unknown}
 h - a potion of haste {unknown}
 j - a potion of magic {unknown}

Dungeon Overview and Level Annotations

Branches:
Dungeon (3/15)

Altars:

Annotations:
D:3 Grinder


Message History

A giant cockroach comes into view.
You shoot an arrow. The arrow closely misses Grinder.
Grinder says, "What is the universe for?"
You shoot an arrow. The arrow hits the worm!
The worm is heavily wounded.
You shoot an arrow.
The arrow hits the worm but does no damage.
The worm is heavily wounded.
The worm misses you.
You shoot an arrow. The arrow hits the worm.
The worm is heavily wounded.
Grinder blinks!
The worm bites you!
You shoot an arrow. The arrow hits the worm.
The worm is severely wounded.
You shoot an arrow. The arrow hits the worm!
You kill the worm!
The giant cockroach barely misses you.
You shoot an arrow.
The arrow closely misses the giant cockroach.
The giant cockroach closely misses you.
You shoot an arrow. The arrow hits the giant cockroach!
You kill the giant cockroach!
You shoot an arrow. The arrow hits Grinder.
Grinder is lightly wounded.
Grinder hits you.
You writhe in agony.
You shoot an arrow. The arrow hits Grinder.
Grinder is moderately wounded.
Grinder hits you.
You writhe in agony.
1565 ||| READING 2 scrolls of teleportation.
As you read the scroll of teleportation, it crumbles to dust.
You feel strangely unstable. Grinder misses you.
You shoot an arrow.
The arrow hits Grinder but does no damage.
Grinder is moderately wounded.
Grinder hits you but does no damage. Grinder misses you.
You shoot an arrow. The arrow hits Grinder.
Grinder is moderately wounded.
Grinder hits you.
You die...

...... .....#+ .....
....... .... ....... ...
....... ... #.. .......
.... ##.#####....... ...
##..#.%.#.......
#....#..#....#./@#
#....##.#...#...#5......
....##.....#####.......
#...####...............
##...##.................
.....##...##..##........
%....##.....#..# .......
...............[........
...######...##.###


You could see Grinder.

Vanquished Creatures
  5 adders
  A worm (D:3)
  2 dart slugs
  5 ball pythons
  3 bats
  6 endoplasms
  4 giant cockroaches
  2 hobgoblins (D:1)
  4 jackals (D:1)
  2 kobolds (D:1)
  2 quokkas
  6 frilled lizards
  4 rats
46 creatures vanquished.

Notes
Turn   | Place    | Note
-------+----------+-------------------------------------------
     0 | D:1      | qw the Deep Elf Hunter began the quest for the Orb.
     0 | D:1      | Reached XP level 1. HP: 12/12 MP: 3/3
     0 | D:1      | 0 ||| qw: Version: 0.3-a-9-g12657ce
     0 | D:1      | 0 ||| qw: Game counter: 4388
     0 | D:1      | 0 ||| qw: Always use a shield: true
     0 | D:1      | 0 ||| qw: God list: Okawaru
     0 | D:1      | 0 ||| qw: Allow faded altars: false
     0 | D:1      | 0 ||| qw: Do Orc after D:15 true
     0 | D:1      | 0 ||| qw: Do second Lair branch before Depths: true
     0 | D:1      | 0 ||| qw: Lair rune preference: random
     0 | D:1      | 0 ||| qw: Plans: Normal
     0 | D:1      | 0 ||| PLANNING D:1-11
   124 | D:1      | Reached XP level 2. HP: 16/16 MP: 4/4
   145 | D:1      | Reached skill level 6 in Ranged Weapons
   652 | D:1      | 652 ||| DROPPING ring of wizardry.
   653 | D:1      | 653 ||| UPGRADING to ring of resist corrosion.
   654 | D:1      | 654 ||| READING scroll labelled TYNGAL ERUS.
   655 | D:1      | 655 ||| READING scroll labelled KAWEGE VYWEF.
   660 | D:1      | 660 ||| DROPPING scroll of butterflies.
   688 | D:2      | Reached XP level 3. HP: 20/20 MP: 5/5
   749 | D:2      | Reached skill level 7 in Ranged Weapons
  1217 | D:2      | Reached XP level 4. HP: 25/25 MP: 6/6
  1333 | D:2      | 1333 ||| READING scroll labelled NOELLIJEUF.
  1334 | D:2      | 1334 ||| READING scroll labelled FATWAO JU KUU.
  1335 | D:2      | 1335 ||| DRINKING 2 coppery potions.
  1337 | D:2      | 1337 ||| Stepping ~*~*~tactically~*~*~ (cloud).
  1551 | D:3      | Noticed Grinder
  1564 | D:3      | HP: 2/25 [Grinder (6)]
  1565 | D:3      | 1565 ||| READING 2 scrolls of teleportation.
  1567 | D:3      | Slain by Grinder

Levels and vault maps discovered:
D:1:      minmay_arrival_cross, layout_basic
D:2:      layout_basic
D:3:      layout_basic, minmay_distorted, uniq_grinder, uniq_natasha

Skill      XL: |  1  2  3 |
---------------+----------+-----
Ranged Weapons | 6 7 |  7.9
Fighting       | |  1.5
Dodging        | |  2.4
Stealth        | |  1.2

Action                     |  1- 3 |  4- 6 || total
---------------------------+-------+-------++-------
   Fire: Shortbow          |   104 |    37 ||   141
    Use: Scroll            |     2 |     3 ||     5
         Potion            |       |     1 ||     1
 Armour: Leather armour    |     3 |     5 ||     8
  Dodge: Dodged            |    10 |     9 ||    19

Table legend:
 A = Non-vault XP
 B = Vault XP
 C = Vault XP percentage of total XP
 D = Non-vault monster count
 E = Vault monster count
 F = Vault count percentage of total count
                 A         B        C        D         E       F
            +---------+---------+-------+---------+---------+-------
      Total |     125 |      17 |  12.0 |      44 |       2 |   4.3
            +---------+---------+-------+---------+---------+-------
        D:1 |      40 |       0 |   0.0 |      24 |       0 |   0.0
        D:2 |      73 |       0 |   0.0 |      15 |       0 |   0.0
        D:3 |      12 |      17 |  58.6 |       5 |       2 |  28.6
            +---------+---------+-------+---------+---------+-------
